Checkers vs Penguins
(R1)
Created - October 27, 2024 at 19:52
Goals
|
| Checkers |
0 |
0 |
2 |
2 |
| Penguins |
3 |
2 |
2 |
7 |
|
Shots
|
| Checkers |
10 |
6 |
17 |
33 |
| Penguins |
14 |
8 |
9 |
31 |
|
1st period
1. Penguins , Jesperi Kotkaniemi 1 (Eetu Luostarinen 2, Jesper Boqvist 2) at 5:32
2. Penguins , Dakota Mermis 4 (Denis Malgin 4, Noah Dobson 1) at 6:07
3. Penguins , Denis Malgin 1 (Dakota Mermis 1, Josh Ho-Sang 2) at 19:41
Penalties :
Austin Poganski (Cha) for Roughing (Minor) at 0:26
2nd period
4. Penguins , Jeff Malott 2 (Artemi Kniazev 1) at 9:07
5. Penguins , Jeff Malott 3 (Alexander Romanov 2) at 10:57
Penalties :
Mitchell Heard (Cha) for Tripping (Minor) at 1:22, Viktor Baldayev (Cha) for Slashing (Minor) at 6:16, Clayton Keller (Wil) for Hooking (Minor) at 11:14, Alexander Romanov (Wil) for Slashing (Minor) at 13:45, Sampo Ranta (Wil) for Roughing (Minor) at 18:37
3rd period
6. Checkers , Andrei Svechnikov 5 (Timothy Liljegren 2, Dylan Gambrell 4) at 2:28 (PP)
7. Penguins , Matthew Boldy 2 (Marc Del Gaizo 2, Clayton Keller 5) at 2:40
8. Checkers , Andrei Svechnikov 6 (Timothy Liljegren 3, Dylan Gambrell 5) at 2:46
9. Penguins , Sampo Ranta 2 (Denis Malgin 5, Marc Del Gaizo 3) at 10:03
Penalties :
Alexander Romanov (Wil) for Hooking (Minor) at 1:15, Marc Del Gaizo (Wil) for Holding (Minor) at 10:25, Sampo Ranta (Wil) for Tripping (Minor) at 15:12, Tyce Thompson (Cha) for Interference (Minor) at 19:19
Goalie Stats
Joseph Woll (Cha), 15 saves from 19 shots - (0.789), L, 2-1-0, 29:07 minutes
Ivan Prosvetov (Cha), 9 saves from 12 shots - (0.750), 30:53 minutes
Spencer Knight (Wil), 31 saves from 33 shots - (0.939), W, 1-1-0, 60:00 minutes
Players Stats for Checkers
Player Name G A P +/- PIM S H SB GA TA FO MP PP MP PK MP
------------------------------------------------------------------------------------
Andrei Svechnikov 2 0 2 -1 0 8 1 0 4 0 1/4 19:05 5:55 0:00
Austin Poganski 0 0 0 -2 2 3 4 0 1 0 2/2 12:58 0:10 0:56
Dylan Gambrell 0 2 2 -1 0 3 2 1 1 0 16/25 22:05 5:55 2:55
Grigori Denisenko 0 0 0 -2 0 3 3 0 0 1 0/0 15:28 5:01 0:00
John Draeger 0 0 0 -2 0 1 3 3 0 1 0/0 29:34 6:54 3:32
Jordan Harris 0 0 0 -1 0 1 0 2 0 0 0/0 10:28 0:00 0:23
Kale Clague 0 0 0 -3 0 0 1 2 1 0 0/0 20:11 4:14 3:02
Kirill Marchenko 0 0 0 -1 0 0 1 1 0 0 0/0 14:14 5:03 0:00
Matt Puempel 0 0 0 -1 0 2 0 1 0 0 0/0 12:04 0:12 1:31
Michael Anderson 0 0 0 -1 0 1 0 1 0 0 0/0 15:26 4:14 0:48
Mitchell Heard 0 0 0 -1 2 1 1 0 0 0 3/7 13:26 0:12 2:43
Nick Abruzzese 0 0 0 -2 0 1 3 1 0 1 6/14 16:17 5:01 0:49
Patrick Brown 0 0 0 -1 0 4 1 1 0 0 2/2 23:02 5:55 3:46
Roberts Lipsbergs 0 0 0 -2 0 1 1 0 1 0 0/0 8:25 0:00 0:24
Shane Bowers 0 0 0 -2 0 1 0 0 1 1 1/2 8:11 0:00 0:10
Timothy Liljegren 0 2 2 -2 0 3 2 1 0 1 0/0 29:47 6:54 3:33
Tyce Thompson 0 0 0 -2 2 0 0 0 0 0 1/2 8:00 0:00 0:00
Viktor Baldayev 0 0 0 -3 2 0 3 0 0 3 0/0 14:38 0:00 1:56
Players Stats for Penguins
Player Name G A P +/- PIM S H SB GA TA FO MP PP MP PK MP
------------------------------------------------------------------------------------
Alexander Romanov 0 1 1 3 4 0 1 2 0 1 0/0 23:04 4:11 0:59
Artemi Kniazev 0 1 1 2 0 0 0 1 0 1 0/0 8:33 0:00 0:10
Clayton Keller 0 1 1 0 2 1 2 1 0 0 1/1 18:23 2:56 0:00
Dakota Mermis 1 1 2 3 0 5 3 3 1 2 0/0 27:48 4:11 6:42
Denis Malgin 1 2 3 3 0 1 1 1 0 0 8/13 16:58 0:38 5:58
Dmitry Voronkov 0 0 0 2 0 1 0 0 0 0 1/2 6:03 0:00 0:00
Eetu Luostarinen 0 1 1 1 0 3 2 0 0 0 1/2 17:12 0:39 6:29
Jeff Malott 2 0 2 2 0 3 1 0 1 0 0/0 12:34 3:02 3:11
Jesper Boqvist 0 1 1 1 0 1 1 0 0 0 0/0 13:41 3:02 0:00
Jesperi Kotkaniemi 1 0 1 1 0 2 3 0 1 1 6/10 18:01 3:03 4:34
Josh Ho-Sang 0 1 1 3 0 0 1 0 2 0 0/0 11:00 0:39 0:00
Marc Del Gaizo 0 2 2 1 2 5 0 3 1 0 0/0 22:19 2:26 3:04
Matthew Boldy 1 0 1 0 0 4 2 0 0 0 1/2 19:40 2:56 0:11
Matthew Finn 0 0 0 2 0 0 1 0 0 1 0/0 14:42 0:00 6:54
Noah Dobson 0 1 1 1 0 4 1 0 0 3 0/0 23:50 2:26 4:27
Philipp Kurashev 0 0 0 0 0 0 2 1 2 0 7/27 19:18 2:56 0:36
Sampo Ranta 1 0 1 3 4 1 3 2 0 0 1/1 11:49 0:00 1:17
Valtteri Puustinen 0 0 0 2 0 0 0 0 0 0 0/0 3:51 0:00 0:00
3 Stars
1 - Denis Malgin (Wil)
2 - Dakota Mermis (Wil)
3 - Jeff Malott (Wil)
Power Play
Checkers - 1 on 6 Attempt(s) - 16.67%
Penguins - 0 on 4 Attempt(s) - 0.00%
Penalty Kill
Checkers - 4 on 4 Attempt(s) - 100.00%
- Score 0 goal in Penalty Kill
Penguins - 5 on 6 Attempt(s) - 83.33%
- Score 0 goal in Penalty Kill
Team Stat
Checkers - Hits : 26 - Faceoff Wins : 32 - Blocked Shots : 14 - Penalty Minutes : 8
Penguins - Hits : 24 - Faceoff Wins : 26 - Blocked Shots : 14 - Penalty Minutes : 12
Official
Referees : Brandon Blandina and Kelly Sutherland
Linesman : Ryan Daisy and Michel Cormier
Game Notes
Ivan Prosvetov enters game at 9:07 of 2nd period
Valtteri Puustinen is injured at 17:41 of 2nd period (Right Knee)
Finance
Level 1 -- Attendance: 2000 (100.00%) -- Ticket Income $140,000
Level 2 -- Attendance: 944 (94.40%) -- Ticket Income $37,760
Total Attendance: 2944 (98.13%)
Total Ticket Income: $177,760
Other Income: $8,888
Total Income: $186,648
Checkers
5 vs 5 Forward
Center Left Wing Right Wing Time % Phy DF OF
1 Dylan Gambrell Andrei Svechnikov Patrick Brown 40 0 2 3
2 Nick Abruzzese Grigori Denisenko Austin Poganski 30 0 2 3
3 Mitchell Heard Matt Puempel Kirill Marchenko 20 0 2 3
4 Shane Bowers Roberts Lipsbergs Tyce Thompson 10 0 2 3
5 vs 5 Defense
Defense Defense Time % Phy DF OF
1 Timothy Liljegren John Draeger 40 0 2 3
2 Kale Clague Viktor Baldayev 30 0 2 3
3 Michael Anderson Jordan Harris 20 0 2 3
4 Timothy Liljegren John Draeger 10 0 2 3
PowerPlay Forward
Center Left Wing Right Wing Time % Phy DF OF
1 Dylan Gambrell Andrei Svechnikov Patrick Brown 60 0 1 4
2 Nick Abruzzese Grigori Denisenko Kirill Marchenko 40 0 1 4
PowerPlay Defense
Defense Defense Time % Phy DF OF
1 Timothy Liljegren John Draeger 60 0 2 3
2 Kale Clague Michael Anderson 40 0 2 3
Penalty Kill 4 Players Forward
Center Wing Time % Phy DF OF
1 Mitchell Heard Patrick Brown 60 0 3 2
2 Dylan Gambrell Austin Poganski 40 0 3 2
Penalty Kill 4 Players Defense
Defense Defense Time % Phy DF OF
1 Timothy Liljegren John Draeger 60 0 4 1
2 Kale Clague Viktor Baldayev 40 0 4 1
Penalty Kill - 3 Players Forward
Forward Time % Phy DF OF
1 Patrick Brown 60 0 3 2
2 Mitchell Heard 40 0 3 2
Penalty Kill - 3 Players Defense
Defense Defense Time % Phy DF OF
1 Timothy Liljegren John Draeger 60 0 4 1
2 Kale Clague Viktor Baldayev 40 0 4 1
4 vs 4 Forward
Center Wing Time % Phy DF OF
1 Dylan Gambrell Andrei Svechnikov 60 0 2 3
2 Nick Abruzzese Patrick Brown 40 0 2 3
4 vs 4 Defense
Defense Defense Time % Phy DF OF
1 Timothy Liljegren John Draeger 60 0 2 3
2 Kale Clague Viktor Baldayev 40 0 2 3
Last Minutes Offensive
Center Left Wing Right Wing Defense Defense
Dylan Gambrell Andrei Svechnikov Patrick Brown Timothy Liljegren Kale Clague
Last Minutes Defensive
Center Left Wing Right Wing Defense Defense
Mitchell Heard Matt Puempel Patrick Brown John Draeger Viktor Baldayev
Goaltenders
Starting : Joseph Woll
Backup : Ivan Prosvetov
Extra Forwards
Normal : Nick Abruzzese, Andrei Svechnikov, Dylan Gambrell - PP : Kirill Marchenko, Andrei Svechnikov - PK : Patrick Brown
Extra Defensemen
Normal : Kale Clague, Timothy Liljegren, John Draeger - PP : Michael Anderson - PK : Viktor Baldayev, John Draeger
Penalty Shots
Andrei Svechnikov, Patrick Brown, Matt Puempel, Nick Abruzzese, Shane Bowers
Custom OT Lines Forwards
Dylan Gambrell, Andrei Svechnikov, Patrick Brown, Grigori Denisenko, Kirill Marchenko, Nick Abruzzese, Mitchell Heard, Matt Puempel, Roberts Lipsbergs, Shane Bowers
Custom OT Lines Defensemen
Timothy Liljegren, Kale Clague, John Draeger, Viktor Baldayev, Michael Anderson
Scratches
Brett Pollock (Healthy), Jared McIsaac (Healthy), Mikhail Abramov (Healthy), Mattias Norlinder (Healthy), Nathan Legare (Healthy)
Kirill Ustimenko (Healthy)
Penguins
5 vs 5 Forward
Center Left Wing Right Wing Time % Phy DF OF
1 Philipp Kurashev Matthew Boldy Clayton Keller 40 1 2 2
2 Jesperi Kotkaniemi Eetu Luostarinen Jesper Boqvist 30 1 2 2
3 Denis Malgin Sampo Ranta Josh Ho-Sang 20 1 2 2
4 Dmitry Voronkov Jeff Malott Valtteri Puustinen 10 1 2 2
5 vs 5 Defense
Defense Defense Time % Phy DF OF
1 Alexander Romanov Dakota Mermis 40 1 2 2
2 Noah Dobson Marc Del Gaizo 40 1 2 2
3 Matthew Finn Artemi Kniazev 20 1 2 2
4 Alexander Romanov Noah Dobson 0 1 2 2
PowerPlay Forward
Center Left Wing Right Wing Time % Phy DF OF
1 Philipp Kurashev Matthew Boldy Clayton Keller 60 1 1 3
2 Jesperi Kotkaniemi Jeff Malott Jesper Boqvist 40 1 1 3
PowerPlay Defense
Defense Defense Time % Phy DF OF
1 Alexander Romanov Dakota Mermis 60 1 1 3
2 Noah Dobson Marc Del Gaizo 40 1 1 3
Penalty Kill 4 Players Forward
Center Wing Time % Phy DF OF
1 Denis Malgin Eetu Luostarinen 60 1 3 1
2 Jesperi Kotkaniemi Sampo Ranta 40 1 3 1
Penalty Kill 4 Players Defense
Defense Defense Time % Phy DF OF
1 Matthew Finn Dakota Mermis 60 1 3 1
2 Noah Dobson Marc Del Gaizo 40 1 3 1
Penalty Kill - 3 Players Forward
Forward Time % Phy DF OF
1 Eetu Luostarinen 60 1 3 1
2 Denis Malgin 40 1 3 1
Penalty Kill - 3 Players Defense
Defense Defense Time % Phy DF OF
1 Matthew Finn Dakota Mermis 60 1 3 1
2 Noah Dobson Marc Del Gaizo 40 1 3 1
4 vs 4 Forward
Center Wing Time % Phy DF OF
1 Philipp Kurashev Matthew Boldy 60 1 1 3
2 Jesperi Kotkaniemi Clayton Keller 40 1 1 3
4 vs 4 Defense
Defense Defense Time % Phy DF OF
1 Alexander Romanov Dakota Mermis 60 1 2 2
2 Noah Dobson Marc Del Gaizo 40 1 2 2
Last Minutes Offensive
Center Left Wing Right Wing Defense Defense
Philipp Kurashev Matthew Boldy Clayton Keller Alexander Romanov Dakota Mermis
Last Minutes Defensive
Center Left Wing Right Wing Defense Defense
Denis Malgin Eetu Luostarinen Jesper Boqvist Matthew Finn Dakota Mermis
Goaltenders
Starting : Spencer Knight
Backup : Anthony Stolarz
Extra Forwards
Normal : Matthew Boldy, Jesperi Kotkaniemi, Denis Malgin - PP : Matthew Boldy, Jesper Boqvist - PK : Eetu Luostarinen
Extra Defensemen
Normal : Noah Dobson, Marc Del Gaizo, Alexander Romanov - PP : Alexander Romanov - PK : Matthew Finn, Dakota Mermis
Penalty Shots
Jeff Malott, Jesper Boqvist, Philipp Kurashev, Matthew Boldy, Clayton Keller
Custom OT Lines Forwards
Philipp Kurashev, Clayton Keller, Matthew Boldy, Eetu Luostarinen, Jesper Boqvist, Jesperi Kotkaniemi, Denis Malgin, Jeff Malott, Sampo Ranta, Josh Ho-Sang
Custom OT Lines Defensemen
Alexander Romanov, Dakota Mermis, Noah Dobson, Marc Del Gaizo, Matthew Finn
Scratches
Juuso Ikonen (Healthy), Kevin Stenlund (Healthy), Austin Strand (Healthy), Ryan MacInnis (Healthy), Sam Kurker (Healthy)
Adam Brooks (Healthy), Shawn Boudrias (Healthy), Ryan Johnson (Healthy), Nolan Foote (Healthy), Zachary Bouthillier (Healthy)
% Time on Ice - Checkers
Lines # - Real PCT - Wanted PCT - Time Play
Normal Forward
1 - 34% - 40% - 14:23
2 - 25% - 30% - 10:39
3 - 22% - 20% - 9:12
4 - 19% - 10% - 8:01
Normal Defense
1 - 39% - 40% - 16:31
2 - 32% - 30% - 13:28
3 - 23% - 20% - 9:45
4 - 6% - 10% - 2:31
PP Forward
1 - 55% - 60% - 6:05
2 - 45% - 40% - 5:03
PP Defense
1 - 62% - 60% - 6:54
2 - 38% - 40% - 4:14
PK Forward
1 - 73% - 60% - 4:49
2 - 27% - 40% - 1:48
PK Defense
1 - 54% - 60% - 3:35
2 - 46% - 40% - 3:02
PK3 Forward
1 - 0% - 60%
2 - 0% - 40%
PK3 Defense
1 - 0% - 60%
2 - 0% - 40%
44 Forward
1 - 0% - 60%
2 - 0% - 40%
44 Defense
1 - 0% - 60%
2 - 0% - 40%
Last Minute Offensive - 0:00
Last Minute Defensive - 0:00
Total
Forward - 60:00
Defense - 60:00
|
% Time on Ice - Penguins
Lines # - Real PCT - Wanted PCT - Time Play
Normal Forward
1 - 37% - 40% - 15:47
2 - 24% - 30% - 10:05
3 - 24% - 20% - 10:20
4 - 14% - 10% - 6:03
Normal Defense
1 - 42% - 40% - 17:41
2 - 39% - 40% - 16:32
3 - 19% - 20% - 7:53
4 - 0% - 0% - 0:09
PP Forward
1 - 51% - 60% - 3:23
2 - 49% - 40% - 3:14
PP Defense
1 - 63% - 60% - 4:11
2 - 37% - 40% - 2:26
PK Forward
1 - 74% - 60% - 8:15
2 - 26% - 40% - 2:53
PK Defense
1 - 62% - 60% - 6:57
2 - 38% - 40% - 4:11
PK3 Forward
1 - 0% - 60%
2 - 0% - 40%
PK3 Defense
1 - 0% - 60%
2 - 0% - 40%
44 Forward
1 - 0% - 60%
2 - 0% - 40%
44 Defense
1 - 0% - 60%
2 - 0% - 40%
Last Minute Offensive - 0:00
Last Minute Defensive - 0:00
Total
Forward - 60:00
Defense - 60:00
|
Play-by-Play
1st period
0:01 of 1st period - Dylan Gambrell wins face-off versus Philipp Kurashev in neutral zone.
0:04 of 1st period - Clayton Keller is hit by Timothy Liljegren and loses puck.
0:26 of 1st period - Minor Penalty to Austin Poganski for Roughing.
0:27 of 1st period - Philipp Kurashev wins face-off versus Mitchell Heard in Checkers zone.
1:15 of 1st period - John Draeger is hit by Philipp Kurashev and loses puck.
1:38 of 1st period - Kale Clague is hit by Jeff Malott and loses puck.
2:14 of 1st period - Icing by Jeff Malott.
2:15 of 1st period - Mitchell Heard wins face-off versus Jesperi Kotkaniemi in Penguins zone.
2:26 of 1st period - Penalty to Austin Poganski is over, Austin Poganski is back on ice.
2:36 of 1st period - Wrist shot by Austin Poganski.
2:36 of 1st period - Stopped by Spencer Knight without a rebound.
2:37 of 1st period - Denis Malgin wins face-off versus Nick Abruzzese in Penguins zone.
3:52 of 1st period - Wrist shot by Dakota Mermis.
3:52 of 1st period - Shot Blocked by Michael Anderson.
3:54 of 1st period - Slapshot by Dakota Mermis.
3:54 of 1st period - Stopped by Joseph Woll without a rebound.
3:55 of 1st period - Dmitry Voronkov wins face-off versus Nick Abruzzese in Checkers zone.
3:56 of 1st period - Slapshot by Dakota Mermis.
3:56 of 1st period - Stopped by Joseph Woll with a rebound.
3:58 of 1st period - Slapshot by Dakota Mermis.
3:58 of 1st period - Shot Misses the Net.
4:35 of 1st period - Snap shot by Dylan Gambrell.
4:35 of 1st period - Stopped by Spencer Knight without a rebound.
4:36 of 1st period - Mitchell Heard wins face-off versus Philipp Kurashev in Penguins zone.
5:01 of 1st period - Matt Puempel is hit by Sampo Ranta and loses puck.
5:32 of 1st period - Snap shot by Jesperi Kotkaniemi.
5:32 of 1st period - Goal by Jesperi Kotkaniemi - Checkers : 0 - Penguins : 1.
5:33 of 1st period - Nick Abruzzese wins face-off versus Philipp Kurashev in neutral zone.
5:58 of 1st period - Kale Clague is hit by Denis Malgin and loses puck.
6:07 of 1st period - Backhand shot by Dakota Mermis.
6:07 of 1st period - Goal by Dakota Mermis - Checkers : 0 - Penguins : 2.
6:08 of 1st period - Philipp Kurashev wins face-off versus Dylan Gambrell in neutral zone.
6:21 of 1st period - Wrist shot by Dylan Gambrell.
6:21 of 1st period - Shot Blocked by Philipp Kurashev.
6:55 of 1st period - Marc Del Gaizo is hit by John Draeger and loses puck.
7:26 of 1st period - Slapshot by Josh Ho-Sang.
7:26 of 1st period - Shot Misses the Net.
7:46 of 1st period - Snap shot by Dylan Gambrell.
7:46 of 1st period - Shot Blocked by Sampo Ranta.
7:48 of 1st period - Slapshot by Andrei Svechnikov.
7:48 of 1st period - Stopped by Spencer Knight with a rebound.
8:00 of 1st period - Icing by John Draeger.
8:01 of 1st period - Philipp Kurashev wins face-off versus Dylan Gambrell in Checkers zone.
8:16 of 1st period - Wrist shot by Andrei Svechnikov.
8:16 of 1st period - Stopped by Spencer Knight with a rebound.
8:18 of 1st period - Slapshot by John Draeger.
8:18 of 1st period - Shot Misses the Net.
8:20 of 1st period - Snap shot by Patrick Brown.
8:20 of 1st period - Stopped by Spencer Knight with a rebound.
8:22 of 1st period - Slapshot by Patrick Brown.
8:22 of 1st period - Stopped by Spencer Knight with a rebound.
8:38 of 1st period - Wrist shot by Patrick Brown.
8:38 of 1st period - Stopped by Spencer Knight without a rebound.
8:39 of 1st period - Jesperi Kotkaniemi wins face-off versus Nick Abruzzese in Penguins zone.
9:46 of 1st period - Alexander Romanov is hit by Austin Poganski and loses puck.
10:10 of 1st period - Off-side.
10:11 of 1st period - Shane Bowers wins face-off versus Jesperi Kotkaniemi in neutral zone.
10:26 of 1st period - Slapshot by Jesperi Kotkaniemi.
10:26 of 1st period - Shot Blocked by Jordan Harris.
10:38 of 1st period - Snap shot by Jeff Malott.
10:38 of 1st period - Shot Misses the Net.
10:40 of 1st period - Snap shot by Noah Dobson.
10:40 of 1st period - Shot Hit the Post.
10:42 of 1st period - Snap shot by Noah Dobson.
10:42 of 1st period - Deflect By Austin Poganski.
10:42 of 1st period - Stopped by Joseph Woll with a rebound.
10:44 of 1st period - Slapshot by Noah Dobson.
10:44 of 1st period - Stopped by Joseph Woll with a rebound.
10:46 of 1st period - Slapshot by Dmitry Voronkov.
10:46 of 1st period - Stopped by Joseph Woll with a rebound.
10:48 of 1st period - Slapshot by Marc Del Gaizo.
10:48 of 1st period - Stopped by Joseph Woll with a rebound.
11:08 of 1st period - Snap shot by Josh Ho-Sang.
11:08 of 1st period - Shot Misses the Net.
12:04 of 1st period - Snap shot by Nick Abruzzese.
12:04 of 1st period - Stopped by Spencer Knight without a rebound.
12:05 of 1st period - Nick Abruzzese wins face-off versus Philipp Kurashev in Penguins zone.
12:05 of 1st period - Timothy Liljegren is hit by Alexander Romanov.
12:32 of 1st period - Matt Puempel is hit by Jesperi Kotkaniemi and loses puck.
12:37 of 1st period - Snap shot by Eetu Luostarinen.
12:37 of 1st period - Stopped by Joseph Woll with a rebound.
12:39 of 1st period - Backhand shot by Noah Dobson.
12:39 of 1st period - Shot Blocked by John Draeger.
12:41 of 1st period - Slapshot by Jesperi Kotkaniemi.
12:41 of 1st period - Shot Misses the Net.
12:57 of 1st period - John Draeger is hit by Sampo Ranta and loses puck.
13:01 of 1st period - Icing by John Draeger.
13:02 of 1st period - Matthew Boldy wins face-off versus Andrei Svechnikov in Checkers zone.
13:11 of 1st period - Wrist shot by Patrick Brown.
13:11 of 1st period - Shot Blocked by Clayton Keller.
13:15 of 1st period - Snap shot by Patrick Brown.
13:15 of 1st period - Shot Misses the Net.
13:17 of 1st period - Snap shot by Patrick Brown.
13:17 of 1st period - Stopped by Spencer Knight without a rebound.
13:18 of 1st period - Nick Abruzzese wins face-off versus Jesperi Kotkaniemi in Penguins zone.
13:21 of 1st period - Snap shot by Austin Poganski.
13:21 of 1st period - Stopped by Spencer Knight with a rebound.
13:47 of 1st period - Snap shot by Clayton Keller.
13:47 of 1st period - Stopped by Joseph Woll with a rebound.
13:49 of 1st period - Slapshot by Noah Dobson.
13:49 of 1st period - Deflect By Andrei Svechnikov.
13:49 of 1st period - Stopped by Joseph Woll with a rebound.
13:51 of 1st period - Slapshot by Marc Del Gaizo.
13:51 of 1st period - Stopped by Joseph Woll with a rebound.
13:53 of 1st period - Slapshot by Marc Del Gaizo.
13:53 of 1st period - Deflect By Philipp Kurashev.
13:53 of 1st period - Shot Blocked by Kale Clague.
13:53 of 1st period - Puck is out of play.
13:54 of 1st period - Philipp Kurashev wins face-off versus Mitchell Heard in Checkers zone.
14:13 of 1st period - Philipp Kurashev is hit by Mitchell Heard and loses puck.
14:24 of 1st period - Austin Poganski is hit by Dakota Mermis.
15:54 of 1st period - Noah Dobson is hit by Grigori Denisenko and loses puck.
16:01 of 1st period - Austin Poganski is hit by Matthew Finn and loses puck.
16:56 of 1st period - Snap shot by Jesperi Kotkaniemi.
16:56 of 1st period - Stopped by Joseph Woll without a rebound.
16:57 of 1st period - Austin Poganski wins face-off versus Philipp Kurashev in Checkers zone.
17:02 of 1st period - Grigori Denisenko is hit by Clayton Keller and loses puck.
17:42 of 1st period - Noah Dobson is hit by John Draeger and loses puck.
17:51 of 1st period - Snap shot by Matt Puempel.
17:51 of 1st period - Shot Misses the Net.
17:53 of 1st period - Slapshot by Timothy Liljegren.
17:53 of 1st period - Deflect By Mitchell Heard.
17:53 of 1st period - Shot Blocked by Marc Del Gaizo.
17:53 of 1st period - Puck is out of play.
17:54 of 1st period - Philipp Kurashev wins face-off versus Nick Abruzzese in Penguins zone.
18:43 of 1st period - Denis Malgin is hit by Viktor Baldayev.
18:48 of 1st period - Off-side.
18:49 of 1st period - Nick Abruzzese wins face-off versus Philipp Kurashev in neutral zone.
18:53 of 1st period - Timothy Liljegren is hit by Noah Dobson.
19:17 of 1st period - Snap shot by Jesperi Kotkaniemi.
19:17 of 1st period - Shot Misses the Net.
19:39 of 1st period - Snap shot by Josh Ho-Sang.
19:39 of 1st period - Shot Blocked by John Draeger.
19:41 of 1st period - Slapshot by Dakota Mermis.
19:41 of 1st period - Deflect By Denis Malgin.
19:41 of 1st period - Goal by Denis Malgin - Checkers : 0 - Penguins : 3.
19:42 of 1st period - Dylan Gambrell wins face-off versus Philipp Kurashev in neutral zone.
Goals for this period are 0 for Checkers vs 3 for Penguins.
Shots for this period are 10 for Checkers vs 14 for Penguins.
2nd period
0:01 of 2nd period - Dylan Gambrell wins face-off versus Philipp Kurashev in neutral zone.
0:04 of 2nd period - Snap shot by Dylan Gambrell.
0:04 of 2nd period - Stopped by Spencer Knight without a rebound.
0:05 of 2nd period - Dylan Gambrell wins face-off versus Philipp Kurashev in Penguins zone.
1:01 of 2nd period - Snap shot by Clayton Keller.
1:01 of 2nd period - Shot Misses the Net.
1:03 of 2nd period - Slapshot by Dakota Mermis.
1:03 of 2nd period - Stopped by Joseph Woll with a rebound.
1:09 of 2nd period - Slapshot by Matthew Boldy.
1:09 of 2nd period - Shot Misses the Net.
1:22 of 2nd period - Minor Penalty to Mitchell Heard for Tripping.
1:23 of 2nd period - Jesperi Kotkaniemi wins face-off versus Dylan Gambrell in Checkers zone.
3:22 of 2nd period - Penalty to Mitchell Heard is over, Mitchell Heard is back on ice.
3:41 of 2nd period - Wrist shot by Roberts Lipsbergs.
3:41 of 2nd period - Deflect By Matthew Finn.
3:41 of 2nd period - Shot Misses the Net.
3:41 of 2nd period - Puck is out of play.
3:42 of 2nd period - Sampo Ranta wins face-off versus Nick Abruzzese in Penguins zone.
3:42 of 2nd period - Sampo Ranta is hit by Austin Poganski.
5:09 of 2nd period - John Draeger is hit by Eetu Luostarinen and loses puck.
5:14 of 2nd period - Snap shot by Eetu Luostarinen.
5:14 of 2nd period - Stopped by Joseph Woll with a rebound.
5:16 of 2nd period - Slapshot by Eetu Luostarinen.
5:16 of 2nd period - Shot Misses the Net.
5:18 of 2nd period - Wrist shot by Marc Del Gaizo.
5:18 of 2nd period - Stopped by Joseph Woll without a rebound.
5:19 of 2nd period - Dylan Gambrell wins face-off versus Philipp Kurashev in Checkers zone.
5:44 of 2nd period - Marc Del Gaizo is hit by Nick Abruzzese and loses puck.
5:53 of 2nd period - Slapshot by Grigori Denisenko.
5:53 of 2nd period - Stopped by Spencer Knight with a rebound.
6:16 of 2nd period - Minor Penalty to Viktor Baldayev for Slashing.
6:17 of 2nd period - Mitchell Heard wins face-off versus Philipp Kurashev in Checkers zone.
6:44 of 2nd period - Off-side.
6:45 of 2nd period - Jesperi Kotkaniemi wins face-off versus Dylan Gambrell in neutral zone.
7:20 of 2nd period - Snap shot by Philipp Kurashev.
7:20 of 2nd period - Deflect By Matthew Boldy.
7:20 of 2nd period - Stopped by Joseph Woll with a rebound.
8:04 of 2nd period - Mitchell Heard is hit by Matthew Boldy and loses puck.
8:16 of 2nd period - Penalty to Viktor Baldayev is over, Viktor Baldayev is back on ice.
8:20 of 2nd period - Off-side.
8:21 of 2nd period - Denis Malgin wins face-off versus Shane Bowers in neutral zone.
8:48 of 2nd period - Nick Abruzzese is hit by Jesperi Kotkaniemi and loses puck.
9:07 of 2nd period - Backhand shot by Jeff Malott.
9:07 of 2nd period - Goal by Jeff Malott - Checkers : 0 - Penguins : 4.
9:07 of 2nd period - Ivan Prosvetov enters game.
9:08 of 2nd period - Patrick Brown wins face-off versus Philipp Kurashev in neutral zone.
9:38 of 2nd period - Alexander Romanov is hit by Dylan Gambrell and loses puck.
9:57 of 2nd period - Snap shot by Andrei Svechnikov.
9:57 of 2nd period - Shot Misses the Net.
9:59 of 2nd period - Slapshot by Michael Anderson.
9:59 of 2nd period - Stopped by Spencer Knight without a rebound.
10:00 of 2nd period - Nick Abruzzese wins face-off versus Philipp Kurashev in Penguins zone.
10:01 of 2nd period - Snap shot by Austin Poganski.
10:01 of 2nd period - Shot Blocked by Marc Del Gaizo.
10:03 of 2nd period - Wrist shot by Grigori Denisenko.
10:03 of 2nd period - Shot Misses the Net.
10:05 of 2nd period - Snap shot by Austin Poganski.
10:05 of 2nd period - Stopped by Spencer Knight without a rebound.
10:06 of 2nd period - Nick Abruzzese wins face-off versus Philipp Kurashev in Penguins zone.
10:09 of 2nd period - Wrist shot by Nick Abruzzese.
10:09 of 2nd period - Shot Misses the Net.
10:31 of 2nd period - Jesper Boqvist is hit by Kirill Marchenko and loses puck.
10:49 of 2nd period - Icing by Matt Puempel.
10:50 of 2nd period - Tyce Thompson wins face-off versus Dmitry Voronkov in Checkers zone.
10:57 of 2nd period - Snap shot by Jeff Malott.
10:57 of 2nd period - Goal by Jeff Malott - Checkers : 0 - Penguins : 5.
10:58 of 2nd period - Dylan Gambrell wins face-off versus Philipp Kurashev in neutral zone.
11:14 of 2nd period - Minor Penalty to Clayton Keller for Hooking.
11:15 of 2nd period - Denis Malgin wins face-off versus Andrei Svechnikov in Penguins zone.
11:48 of 2nd period - Snap shot by Grigori Denisenko.
11:48 of 2nd period - Stopped by Spencer Knight with a rebound.
12:02 of 2nd period - Dakota Mermis is hit by Patrick Brown and loses puck.
13:14 of 2nd period - Penalty to Clayton Keller is over, Clayton Keller is back on ice.
13:17 of 2nd period - Icing by Mitchell Heard.
13:18 of 2nd period - Austin Poganski wins face-off versus Philipp Kurashev in Checkers zone.
13:45 of 2nd period - Minor Penalty to Alexander Romanov for Slashing.
13:46 of 2nd period - Denis Malgin wins face-off versus Dylan Gambrell in Penguins zone.
14:12 of 2nd period - Denis Malgin is hit by Grigori Denisenko and loses puck.
15:45 of 2nd period - Penalty to Alexander Romanov is over, Alexander Romanov is back on ice.
15:58 of 2nd period - Tyce Thompson is hit by Clayton Keller and loses puck.
16:17 of 2nd period - Slapshot by Matt Puempel.
16:17 of 2nd period - Stopped by Spencer Knight with a rebound.
16:19 of 2nd period - Snap shot by Austin Poganski.
16:19 of 2nd period - Shot Blocked by Alexander Romanov.
16:35 of 2nd period - Wrist shot by Josh Ho-Sang.
16:35 of 2nd period - Shot Misses the Net.
17:40 of 2nd period - Valtteri Puustinen is hit by Kale Clague and loses puck.
17:41 of 2nd period - Valtteri Puustinen from Penguins is injured at 17:41 of 2nd period (Right Knee).
17:42 of 2nd period - Patrick Brown wins face-off versus Eetu Luostarinen in Penguins zone.
17:49 of 2nd period - Snap shot by Marc Del Gaizo.
17:49 of 2nd period - Shot Misses the Net.
17:51 of 2nd period - Slapshot by Jesper Boqvist.
17:51 of 2nd period - Shot Blocked by Timothy Liljegren.
17:53 of 2nd period - Slapshot by Noah Dobson.
17:53 of 2nd period - Shot Blocked by John Draeger.
17:55 of 2nd period - Snap shot by Jesper Boqvist.
17:55 of 2nd period - Stopped by Ivan Prosvetov with a rebound.
17:57 of 2nd period - Wrist shot by Jesper Boqvist.
17:57 of 2nd period - Shot Blocked by Dylan Gambrell.
18:07 of 2nd period - Noah Dobson is hit by Nick Abruzzese and loses puck.
18:37 of 2nd period - Minor Penalty to Sampo Ranta for Roughing.
18:38 of 2nd period - Denis Malgin wins face-off versus Dylan Gambrell in Penguins zone.
19:04 of 2nd period - Grigori Denisenko is hit by Jesperi Kotkaniemi and loses puck.
19:23 of 2nd period - Wrist shot by Jeff Malott.
19:23 of 2nd period - Deflect By Jesperi Kotkaniemi.
19:23 of 2nd period - Shot Blocked by Kirill Marchenko.
19:23 of 2nd period - Puck is out of play.
19:24 of 2nd period - Jesperi Kotkaniemi wins face-off versus Nick Abruzzese in Checkers zone.
19:25 of 2nd period - Slapshot by Matthew Finn.
19:25 of 2nd period - Shot Misses the Net.
19:27 of 2nd period - Slapshot by Dakota Mermis.
19:27 of 2nd period - Stopped by Ivan Prosvetov with a rebound.
Goals for this period are 0 for Checkers vs 2 for Penguins.
Shots for this period are 6 for Checkers vs 8 for Penguins.
3rd period
0:01 of 3rd period - Denis Malgin wins face-off versus Dylan Gambrell in neutral zone.
0:16 of 3rd period - Slapshot by Timothy Liljegren.
0:16 of 3rd period - Shot Blocked by Dakota Mermis.
0:37 of 3rd period - Penalty to Sampo Ranta is over, Sampo Ranta is back on ice.
1:15 of 3rd period - Minor Penalty to Alexander Romanov for Hooking.
1:16 of 3rd period - Dylan Gambrell wins face-off versus Denis Malgin in Penguins zone.
1:19 of 3rd period - Wrist shot by Andrei Svechnikov.
1:19 of 3rd period - Stopped by Spencer Knight with a rebound.
1:21 of 3rd period - Snap shot by Dylan Gambrell.
1:21 of 3rd period - Stopped by Spencer Knight with a rebound.
1:25 of 3rd period - Slapshot by Timothy Liljegren.
1:25 of 3rd period - Stopped by Spencer Knight with a rebound.
1:27 of 3rd period - Backhand shot by Timothy Liljegren.
1:27 of 3rd period - Stopped by Spencer Knight without a rebound.
1:28 of 3rd period - Dylan Gambrell wins face-off versus Denis Malgin in Penguins zone.
1:29 of 3rd period - Slapshot by Timothy Liljegren.
1:29 of 3rd period - Shot Blocked by Denis Malgin.
1:55 of 3rd period - Sampo Ranta is hit by John Draeger and loses puck.
2:07 of 3rd period - Icing by Michael Anderson.
2:08 of 3rd period - Denis Malgin wins face-off versus Nick Abruzzese in Checkers zone.
2:09 of 3rd period - Slapshot by Marc Del Gaizo.
2:09 of 3rd period - Stopped by Ivan Prosvetov without a rebound.
2:10 of 3rd period - Dylan Gambrell wins face-off versus Denis Malgin in Checkers zone.
2:14 of 3rd period - Off-side.
2:15 of 3rd period - Dylan Gambrell wins face-off versus Denis Malgin in neutral zone.
2:26 of 3rd period - Slapshot by Timothy Liljegren.
2:26 of 3rd period - Shot Misses the Net.
2:28 of 3rd period - Slapshot by Andrei Svechnikov.
2:28 of 3rd period - Goal by Andrei Svechnikov - Checkers : 1 - Penguins : 5.
2:29 of 3rd period - Dylan Gambrell wins face-off versus Philipp Kurashev in neutral zone.
2:40 of 3rd period - Slapshot by Marc Del Gaizo.
2:40 of 3rd period - Deflect By Matthew Boldy.
2:40 of 3rd period - Goal by Matthew Boldy - Checkers : 1 - Penguins : 6.
2:41 of 3rd period - Dylan Gambrell wins face-off versus Matthew Boldy in neutral zone.
2:46 of 3rd period - Snap shot by Andrei Svechnikov.
2:46 of 3rd period - Goal by Andrei Svechnikov - Checkers : 2 - Penguins : 6.
2:47 of 3rd period - Jesperi Kotkaniemi wins face-off versus Andrei Svechnikov in neutral zone.
2:47 of 3rd period - Marc Del Gaizo is hit by Andrei Svechnikov and loses puck.
3:00 of 3rd period - Wrist shot by Andrei Svechnikov.
3:00 of 3rd period - Stopped by Spencer Knight with a rebound.
3:02 of 3rd period - Slapshot by Timothy Liljegren.
3:02 of 3rd period - Stopped by Spencer Knight without a rebound.
3:03 of 3rd period - Philipp Kurashev wins face-off versus Nick Abruzzese in Penguins zone.
3:03 of 3rd period - Philipp Kurashev is hit by Grigori Denisenko.
3:13 of 3rd period - Slapshot by John Draeger.
3:13 of 3rd period - Shot Blocked by Dakota Mermis.
3:15 of 3rd period - Wrist shot by Austin Poganski.
3:15 of 3rd period - Deflect By Nick Abruzzese.
3:15 of 3rd period - Shot Blocked by Dakota Mermis.
3:15 of 3rd period - Puck is out of play.
3:16 of 3rd period - Dylan Gambrell wins face-off versus Philipp Kurashev in Penguins zone.
3:19 of 3rd period - Wrist shot by Andrei Svechnikov.
3:19 of 3rd period - Stopped by Spencer Knight with a rebound.
3:21 of 3rd period - Slapshot by John Draeger.
3:21 of 3rd period - Stopped by Spencer Knight with a rebound.
4:03 of 3rd period - Backhand shot by Matthew Boldy.
4:03 of 3rd period - Shot Blocked by Matt Puempel.
4:05 of 3rd period - Slapshot by Alexander Romanov.
4:05 of 3rd period - Shot Misses the Net.
4:37 of 3rd period - Alexander Romanov is hit by Timothy Liljegren and loses puck.
4:56 of 3rd period - Patrick Brown is hit by Eetu Luostarinen.
5:12 of 3rd period - Slapshot by Matthew Boldy.
5:12 of 3rd period - Stopped by Ivan Prosvetov with a rebound.
5:14 of 3rd period - Snap shot by Jeff Malott.
5:14 of 3rd period - Shot Misses the Net.
5:16 of 3rd period - Wrist shot by Jeff Malott.
5:16 of 3rd period - Stopped by Ivan Prosvetov with a rebound.
5:30 of 3rd period - Wrist shot by Kale Clague.
5:30 of 3rd period - Deflect By Matt Puempel.
5:30 of 3rd period - Stopped by Spencer Knight with a rebound.
5:51 of 3rd period - Off-side.
5:52 of 3rd period - Eetu Luostarinen wins face-off versus Tyce Thompson in neutral zone.
6:32 of 3rd period - Snap shot by Shane Bowers.
6:32 of 3rd period - Stopped by Spencer Knight with a rebound.
6:34 of 3rd period - Slapshot by Jordan Harris.
6:34 of 3rd period - Shot Blocked by Artemi Kniazev.
6:36 of 3rd period - Slapshot by Jordan Harris.
6:36 of 3rd period - Shot Blocked by Sampo Ranta.
6:38 of 3rd period - Slapshot by Roberts Lipsbergs.
6:38 of 3rd period - Shot Misses the Net.
6:40 of 3rd period - Slapshot by Jordan Harris.
6:40 of 3rd period - Stopped by Spencer Knight with a rebound.
6:42 of 3rd period - Slapshot by Michael Anderson.
6:42 of 3rd period - Shot Misses the Net.
6:44 of 3rd period - Wrist shot by Roberts Lipsbergs.
6:44 of 3rd period - Stopped by Spencer Knight without a rebound.
6:45 of 3rd period - Dylan Gambrell wins face-off versus Jesperi Kotkaniemi in Penguins zone.
7:10 of 3rd period - Marc Del Gaizo is hit by Austin Poganski and loses puck.
7:43 of 3rd period - Slapshot by Mitchell Heard.
7:43 of 3rd period - Shot Blocked by Alexander Romanov.
8:13 of 3rd period - Snap shot by Eetu Luostarinen.
8:13 of 3rd period - Shot Blocked by Nick Abruzzese.
8:19 of 3rd period - Backhand shot by Jesper Boqvist.
8:19 of 3rd period - Deflect By Kale Clague.
8:19 of 3rd period - Shot Misses the Net.
8:19 of 3rd period - Puck is out of play.
8:20 of 3rd period - Jesperi Kotkaniemi wins face-off versus Mitchell Heard in Checkers zone.
8:25 of 3rd period - Wrist shot by Jesperi Kotkaniemi.
8:25 of 3rd period - Shot Blocked by Jordan Harris.
8:29 of 3rd period - Snap shot by Eetu Luostarinen.
8:29 of 3rd period - Stopped by Ivan Prosvetov with a rebound.
8:31 of 3rd period - Slapshot by Noah Dobson.
8:31 of 3rd period - Stopped by Ivan Prosvetov without a rebound.
8:32 of 3rd period - Clayton Keller wins face-off versus Dylan Gambrell in Checkers zone.
9:06 of 3rd period - Slapshot by Marc Del Gaizo.
9:06 of 3rd period - Stopped by Ivan Prosvetov with a rebound.
9:08 of 3rd period - Snap shot by Eetu Luostarinen.
9:08 of 3rd period - Deflect By Grigori Denisenko.
9:08 of 3rd period - Shot Misses the Net.
9:08 of 3rd period - Puck is out of play.
9:09 of 3rd period - Dylan Gambrell wins face-off versus Philipp Kurashev in Checkers zone.
9:09 of 3rd period - Dylan Gambrell is hit by Matthew Boldy.
9:19 of 3rd period - Slapshot by Matthew Boldy.
9:19 of 3rd period - Shot Hit the Post.
9:35 of 3rd period - Dakota Mermis is hit by Austin Poganski and loses puck.
9:50 of 3rd period - Viktor Baldayev is hit by Jesper Boqvist and loses puck.
10:01 of 3rd period - Wrist shot by Denis Malgin.
10:01 of 3rd period - Shot Blocked by Kale Clague.
10:03 of 3rd period - Wrist shot by Sampo Ranta.
10:03 of 3rd period - Goal by Sampo Ranta - Checkers : 2 - Penguins : 7.
10:04 of 3rd period - Andrei Svechnikov wins face-off versus Philipp Kurashev in neutral zone.
10:13 of 3rd period - Snap shot by Andrei Svechnikov.
10:13 of 3rd period - Deflect By Philipp Kurashev.
10:13 of 3rd period - Stopped by Spencer Knight with a rebound.
10:25 of 3rd period - Minor Penalty to Marc Del Gaizo for Holding.
10:26 of 3rd period - Dylan Gambrell wins face-off versus Denis Malgin in Penguins zone.
10:55 of 3rd period - Grigori Denisenko is hit by Sampo Ranta and loses puck.
12:25 of 3rd period - Penalty to Marc Del Gaizo is over, Marc Del Gaizo is back on ice.
12:36 of 3rd period - Slapshot by Matt Puempel.
12:36 of 3rd period - Shot Blocked by Marc Del Gaizo.
12:38 of 3rd period - Wrist shot by Mitchell Heard.
12:38 of 3rd period - Stopped by Spencer Knight with a rebound.
12:48 of 3rd period - Shane Bowers is hit by Philipp Kurashev and loses puck.
13:11 of 3rd period - Kirill Marchenko is hit by Josh Ho-Sang and loses puck.
13:53 of 3rd period - Dakota Mermis is hit by Nick Abruzzese and loses puck.
14:25 of 3rd period - Dakota Mermis is hit by Viktor Baldayev and loses puck.
14:36 of 3rd period - Clayton Keller is hit by Dylan Gambrell and loses puck.
15:12 of 3rd period - Minor Penalty to Sampo Ranta for Tripping.
15:13 of 3rd period - Denis Malgin wins face-off versus Dylan Gambrell in Penguins zone.
15:47 of 3rd period - Snap shot by Nick Abruzzese.
15:47 of 3rd period - Deflect By Grigori Denisenko.
15:47 of 3rd period - Stopped by Spencer Knight with a rebound.
16:51 of 3rd period - Timothy Liljegren is hit by Dakota Mermis and loses puck.
17:12 of 3rd period - Penalty to Sampo Ranta is over, Sampo Ranta is back on ice.
17:47 of 3rd period - Artemi Kniazev is hit by Viktor Baldayev and loses puck.
18:57 of 3rd period - Roberts Lipsbergs is hit by Dakota Mermis.
19:01 of 3rd period - Alexander Romanov is hit by Roberts Lipsbergs.
19:19 of 3rd period - Minor Penalty to Tyce Thompson for Interference.
19:20 of 3rd period - Philipp Kurashev wins face-off versus Mitchell Heard in Checkers zone.
19:26 of 3rd period - Slapshot by Dakota Mermis.
19:26 of 3rd period - Shot Misses the Net.
19:32 of 3rd period - Wrist shot by Matthew Boldy.
19:32 of 3rd period - Stopped by Ivan Prosvetov with a rebound.
19:34 of 3rd period - Slapshot by Dakota Mermis.
19:34 of 3rd period - Shot Blocked by Patrick Brown.
19:36 of 3rd period - Slapshot by Dakota Mermis.
19:36 of 3rd period - Shot Misses the Net.
19:56 of 3rd period - Backhand shot by Marc Del Gaizo.
19:56 of 3rd period - Shot Misses the Net.
Goals for this period are 2 for Checkers vs 2 for Penguins.
Shots for this period are 17 for Checkers vs 9 for Penguins.